 Dungeon Crawl Stone Soup version 0.26.0-18-gc5c842f807 (webtiles) character file.

Game seed: 14083464546051664169

175 grovkorv the Cutter (level 5, -2/32 HPs)
             Began as a Deep Elf Chaos Knight on Jan 23, 2021.
             Was a Plaything of Xom.
             Slain by a phantom (10 damage)
             ... on level 3 of the Dungeon.
             The game lasted 00:16:45 (3233 turns).

grovkorv the Cutter (Deep Elf Chaos Knight)         Turns: 3233, Time: 00:16:46

Health: -2/32      AC:  3    Str: 10    XL:     5   Next: 29%
Magic:  7/7        EV: 13    Int: 17    God:    Xom [....*.]
Gold:   133        SH:  4    Dex: 14    Spells: 4/4 levels left

rFire    + . .     SeeInvis .   b - +0 hunting sling
rCold    . . .     Faith    .   (no shield)
rNeg     . . .     Spirit   .   n - +2 leather armour
rPois    .         Reflect  .   (helmet restricted)
rElec    .         Harm     .   (no cloak)
rCorr    .         Rampage  .   (no gloves)
Will     +....                  (no boots)
Stlth    +++.......             (no amulet)
HPRegen  0.10/turn              g - ring of stealth
MPRegen  0.10/turn              s - ring of willpower

@: cleaving
A: antennae 1, large bone plates 1, deformed body, fire resistance 1, high mp 1,
mutation resistance 1, sturdy frame 1
a: Renounce Religion


You were on level 3 of the Dungeon.
You worshipped Xom.
You were a beloved toy of Xom.
You visited 1 branch of the dungeon, and saw 3 of its levels.

You collected 133 gold pieces.

Inventory:

Hand Weapons
 a - a +0 short sword of chaos
 b - a +0 hunting sling (weapon)
 l - a +0 whip
 r - a +0 hand axe
 v - a +0 spear
 w - a +0 mace
 x - a +0 dagger
Missiles
 c - 89 stones (quivered ammo)
 m - 28 bolts
 u - 5 poisoned darts
 E - 4 datura-tipped darts
Armour
 f - a +0 scale mail
 j - a +0 robe
 n - a +2 leather armour (worn)
 o - a +0 ring mail
 A - a +0 robe
Magical Staves
 k - an uncursed staff of conjuration
Jewellery
 g - a ring of stealth (left hand)
 s - a ring of willpower (right hand)
Scrolls
 d - 2 scrolls of remove curse
 h - 2 scrolls of magic mapping
 i - 2 scrolls of amnesia {unknown}
 p - a scroll of enchant armour {unknown}
 q - a scroll of teleportation {unknown}
 t - a scroll of noise {unknown}
 y - a scroll of immolation {unknown}
 C - a scroll of random uselessness {unknown}
 D - a scroll of identify
Potions
 e - 2 potions of resistance
 z - a potion of curing
 B - a potion of degeneration {unknown}


   Skills:
 * Level 3.0 Fighting
 * Level 4.3 Short Blades
 - Level 0.9(1.0) Slings
 * Level 0.5(1.0) Throwing
 * Level 1.5 Armour
 * Level 3.2 Dodging
 * Level 1.7 Stealth


You had 4 spell levels left.
You didn't know any spells.
Your spell library was empty.

Dungeon Overview and Level Annotations

Branches:
Dungeon (3/15)

Altars:
The Shining One


Innate Abilities, Weirdness & Mutations

You have a pair of small antennae on your head.
You are partially covered in large bone plates. (SH +4)
Armour fits poorly on your strangely shaped body.
Your flesh is heat resistant. (rF+)
You have an increased reservoir of magic. (+10% MP)
You are somewhat resistant to further mutation.
Your movements are slightly less encumbered by armour. (ER -2)


Message History

Aim: a phantom (severely damaged, strong)
You throw a poisoned dart.
The poisoned dart barely misses the phantom.
b - a +0 hunting sling (weapon)
Fire: 91 stones
Press: ? - help, Q - select action, (/) - cycle Shift-Dir - straight line, f/p - phantom
Aim: a phantom (severely damaged, strong)
You shoot a stone.
The stone hits the phantom but does no damage.
The phantom is severely damaged.
Fire: 90 stones
Press: ? - help, Q - select action, (/) - cycle Shift-Dir - straight line, f/p - phantom
Aim: a phantom (severely damaged, strong)
You shoot a stone. The stone barely misses the phantom.
Your butterfly disappears in a puff of smoke!
The phantom hits you!
* * * LOW HITPOINT WARNING * * *
The phantom blinks!
The phantom hits you!
You die...
Xom bursts into laughter!

#.#.....#.#.........##.#
#.#..##.#.#.b...###.##..
#.#..##.#.# .....##.###.
#.........# #b##.##†# #.
######.######§##.##.# #.
#(##...b§§.....# #.
#(##.###§§#.##.# #.
##§##.###..#.##.###.
##.#@#.#.§...........
#.###W...#..bbWb.####
##.#.#.###.......#
##.##§...#...##.#
########..####.# #
##..####.# ##
#........###.
#...#######..
#...########.


You could see a phantom (strong).

Vanquished Creatures
  4 gnolls (D:2)
  4 adders
  An ooze (D:2)
  A worm (D:2)
  2 dart slugs
  2 leopard geckos
  3 orcs
  A ball python (D:3)
  6 bats
  A giant cockroach (D:2)
  8 goblins
  8 hobgoblins
  15 jackals
  11 kobolds
  A quokka (D:2)
  2 frilled lizards
  8 rats
78 creatures vanquished.

Notes
Turn   | Place    | Note
-------+----------+-------------------------------------------
     0 | D:1      | grovkorv the Deep Elf Chaos Knight began the quest for the
                  | Orb.
     0 | D:1      | Reached XP level 1. HP: 13/13 MP: 3/3
    34 | D:1      | XOM: divination: detect items
   219 | D:1      | XOM: silly message
   248 | D:1      | XOM: silly message
   310 | D:1      | Reached XP level 2. HP: 18/18 MP: 4/4
   366 | D:1      | XOM: silly message
   441 | D:1      | XOM: god gift: knobbly smoking staff {god gift}
   903 | D:2      | Reached XP level 3. HP: 22/22 MP: 5/5
   918 | D:2      | XOM: butterfly on damage
  1030 | D:2      | Reached skill level 1 in Stealth
  1065 | D:2      | Reached skill level 1 in Armour
  1145 | D:2      | Reached XP level 4. HP: 10/27 MP: 6/6
  1265 | D:2      | XOM: cloud trail
  1352 | D:2      | XOM: give mutations
  1352 | D:2      | Gained mutation: You have a pair of small antennae on your
                  | head. [Xom's mischief]
  1352 | D:2      | Gained mutation: Armour fits poorly on your strangely
                  | shaped body. [Xom's mischief]
  1495 | D:2      | Reached skill level 4 in Short Blades
  1556 | D:2      | Found a faded altar of an unknown god.
  1674 | D:2      | XOM: 4-stop teleportation journey
  1763 | D:2      | XOM: give mutations
  1763 | D:2      | Gained mutation: You are partially covered in large bone
                  | plates. (SH +4) [Xom's grace]
  1763 | D:2      | Gained mutation: Your movements are slightly less
                  | encumbered by armour. (ER -2) [Xom's grace]
  1763 | D:2      | Gained mutation: Your flesh is heat resistant. (rF+) [Xom's
                  | grace]
  1763 | D:2      | Gained mutation: You are somewhat resistant to further
                  | mutation. [Xom's grace]
  2185 | D:3      | Noticed a phantom
  2203 | D:3      | XOM: confuse monster(s)
  2203 | D:3      | XOM: butterfly on damage
  2659 | D:2      | Reached XP level 5. HP: 16/32 MP: 7/7
  2942 | D:3      | Found a glowing golden altar of the Shining One.
  3106 | D:3      | XOM: give mutation
  3106 | D:3      | Gained mutation: You have an increased reservoir of magic.
                  | (+10% MP) [Xom's grace]
  3193 | D:3      | XOM: cleaving
  3195 | D:3      | XOM: scenery: summon butterflies
  3204 | D:3      | XOM: fog
  3213 | D:3      | XOM: polymorph butterfly -> steam dragon
  3233 | D:3      | Slain by a phantom

Illustrated notes

Levels and vault maps discovered:
D:1:      minmay_arrival_widening_spiral_wide, layout_basic
D:2:      minmay_wonky_spiral, layout_basic,
          chequers_ecumenical_altar_simple_redux, eino_curves_03,
          hangedman_decor_points, serial_park_tiny_2, minmay_circled_x
D:3:      layout_loops_cross, nicolae_overflow_hidden_temple,
          minmay_stone_trees_medium

Skill      XL: |  1  2  3  4 |
---------------+-------------+-----
Stealth        | 1 |  1.7
Armour         | 1 |  1.5
Short Blades   | 4 |  4.3
Dodging        | 3 |  3.2
Fighting       | 3 |  3.0
Slings         | |  0.9
Throwing       | |  0.5

Action                   |  1- 3 |  4- 6 || total
-------------------------+-------+-------++-------
Melee: Short sword       |   116 |   144 ||   260
 Fire: Hunting sling     |    22 |    18 ||    40
Throw: Dart              |       |    12 ||    12
  Use: Scroll            |     1 |     2 ||     3
       Potion            |       |     2 ||     2
 Stab: Sleeping          |     2 |     3 ||     5
       Paralysed         |     1 |       ||     1
       Distracted        |       |     1 ||     1
Armor: Leather armour    |    35 |    22 ||    57
Dodge: Dodged            |    54 |    78 ||   132
Block: Other             |       |    18 ||    18
